 Dungeon Crawl Stone Soup version 0.24-a0-271-ga0fc33f (webtiles) character file.

Game seed: 6372956610859368594

283066 nikopol the Sorcerer (level 19, -37/95 HPs)
             Began as a Deep Elf Fire Elementalist on Apr 16, 2019.
             Was the Champion of Vehumet.
             Killed from afar by a halazid warlock (61 damage)
             ... with a ghostly fireball
             ... in the Desolation of Salt on Apr 23, 2019.
             The game lasted 03:51:29 (52848 turns).

nikopol the Sorcerer (Deep Elf Fire Elementalist)  Turns: 52848, Time: 03:51:30

Health: -37/95     AC: 12    Str:  7    XL:     19   Next: 75%
Magic:  43/73      EV: 14    Int: 29    God:    Vehumet [******]
Gold:   3665       SH: 13    Dex: 15    Spells: 24/66 levels left

rFire    + . .     SeeInvis +   a - staff of power
rCold    . . .     Gourm    .   D - +3 shield {AC+3}
rNeg     . . .     Faith    .   B - +1 robe {Archmagi}
rPois    +         Spirit   .   l - +0 hat of Birdsong {+Fly}
rElec    .         Reflect  .   G - +1 cloak {rPois}
rCorr    .         Harm     .   Y - +2 pair of gloves of Recklessness {rF+ Str+2}
MR       +....                  (no boots)
Stlth    +++.......             v - amulet of magic regeneration
HPRegen  0.25/turn              T - ring of see invisible
MPRegen  0.68/turn              f - ring of magical power

@: drained
A: no striking features
}: 2/15 runes: barnacled, gossamer
a: Renounce Religion, Evoke Flight


You were in the Desolation of Salt.
You worshipped Vehumet.
Vehumet was exalted by your worship.
You were very hungry.

You visited 6 branches of the dungeon, and saw 34 of its levels.
You also visited: Bailey, Ice Cave and Desolation.

You collected 3750 gold pieces.
You spent 85 gold pieces at shops.

Inventory:

Armour
 l - the +0 hat of Birdsong (worn) {+Fly}
   (You found it in an ice cave)

   It lets you fly.
 B - a +1 robe of the Archmagi (worn)
 D - a +3 shield of protection (worn)
 G - a +1 cloak of poison resistance (worn)
 V - the +1 leather armour of Delero {rN+++ Int+5 Dex-3}
   (You found it on level 9 of the Dungeon)

   It affects your intelligence (+5).
   It affects your dexterity (-3).
   It renders you almost immune to negative energy.
 Y - the +2 pair of gloves of Recklessness (worn) {rF+ Str+2}
   (You found it on level 6 of the Lair of Beasts)

   It affects your strength (+2).
   It protects you from fire.
Magical Staves
 a - an uncursed staff of power (weapon)
Jewellery
 f - a ring of magical power (right hand)
 u - an uncursed ring of protection from fire
 v - an amulet of magic regeneration (around neck)
 J - an uncursed ring of flight
 Q - an uncursed ring of resist corrosion
 S - an uncursed ring of protection from magic
 T - a ring of see invisible (left hand)
Wands
 o - a wand of paralysis (30)
 q - a wand of random effects (13)
 A - a wand of iceblast (48)
 C - a wand of clouds (6)
 H - a wand of polymorph (17)
 K - a wand of flame (120)
 L - a wand of acid (12)
 M - a wand of digging (9)
 N - a wand of disintegration (28)
 P - a wand of enslavement (7)
Scrolls
 h - 5 scrolls of enchant weapon
 j - 8 scrolls of remove curse
 m - 11 scrolls of teleportation
 r - 2 scrolls of immolation
 s - 3 scrolls of fear
 t - 3 scrolls of identify
 x - 6 scrolls of amnesia
 y - 4 scrolls of fog
 F - a scroll of summoning
 O - a scroll of holy word
Potions
 b - 6 potions of haste
 d - 5 potions of brilliance
 e - a potion of magic
 g - 9 potions of curing
 i - 2 potions of berserk rage
 n - 6 potions of heal wounds
 p - a potion of flight
 w - 6 potions of ambrosia
 z - 4 potions of might
 E - 5 potions of resistance
 R - 3 potions of mutation
 W - a potion of agility
 X - a potion of invisibility
Miscellaneous
 U - a phantom mirror
Comestibles
 c - 36 rations


   Skills:
 + Level 2.6(1.8) Fighting
 * Level 8.5(7.5) Armour
 + Level 7.1(6.2) Dodging
 + Level 5.9(5.0) Stealth
 * Level 8.6(7.6) Shields
 + Level 24.1(22.8) Spellcasting
 + Level 18.1(16.9) Conjurations
 + Level 19.9(18.6) Fire Magic
 + Level 0.8(0.0) Ice Magic


You had 24 spell levels left.
You knew the following spells:

 Your Spells              Type           Power        Failure   Level  Hunger
a - Flame Tongue          Conj/Fire      #####        0%          1    None
b - Throw Flame           Conj/Fire      ######       0%          2    None
c - Conjure Flame         Conj/Fire      ########     0%          3    None
d - Sticky Flame          Conj/Fire      ########     0%          4    None
e - Fireball              Conj/Fire      ########..   1%          5    None
f - Throw Icicle          Conj/Ice       #######.     1%          4    None
g - Bolt of Fire          Conj/Fire      ########..   1%          6    None
h - Fire Storm            Conj/Fire      ########..   38%         9    ######.
i - Ignition              Fire           ########..   2%          8    ####...

Your spell library contained the following spells:

 Spells                   Type           Power        Failure   Level  Hunger
 Lehudib's Crystal Spear  Conj/Erth      #######...   75%         8    ####...
 Glaciate                 Conj/Ice       #######...   100%        9    ######.
 Sting                    Conj/Pois      ####         1%          1    None
 Dazzling Spray           Conj/Hex       ######       1%          3    None
 Ignite Poison            Fire/Tmut/Pois #######.     1%          3    None
 Inner Flame              Hex/Fire       #######.     1%          3    None
 Mephitic Cloud           Conj/Pois/Air  #######.     1%          3    None
 Static Discharge         Conj/Air       #######.     1%          3    None
 Irradiate                Conj/Tmut      #######...   1%          5    None
 Lightning Bolt           Conj/Air       #######...   1%          5    None
 Venom Bolt               Conj/Pois      #######...   1%          5    None
 Apportation              Tloc           #####.       2%          1    None
 Corona                   Hex            #####..      2%          1    None
 Summon Butterflies       Summ           #####...     2%          1    None
 Summon Small Mammal      Summ           ####         2%          1    None
 Blink                    Tloc           N/A          3%          2    None
 Call Imp                 Summ           #####...     3%          2    None
 Ensorcelled Hibernation  Hex/Ice        #####.       3%          2    None
 Poisonous Vapours        Pois/Air       #####.       3%          2    None
 Shroud of Golubria       Chrm/Tloc      #####.....   3%          2    None
 Sublimation of Blood     Necr           #####.....   3%          2    None
 Olgreb's Toxic Radiance  Pois           #####...     7%          4    None
 Call Canine Familiar     Summ           #####...     8%          3    None
 Confuse                  Hex            #####...     8%          3    None
 Gell's Gravitas          Tloc           #####.....   8%          3    None
 Lesser Beckoning         Tloc           #####.....   8%          3    None
 Summon Guardian Golem    Hex/Summ       #####...     8%          3    None
 Teleport Other           Tloc           #####...     8%          3    None
 Tukima's Dance           Hex            #####...     8%          3    None
 Ice Form                 Ice/Tmut       #####...     26%         4    None
 Passage of Golubria      Tloc           N/A          26%         4    None
 Petrify                  Tmut/Erth      #####...     26%         4    None
 Summon Ice Beast         Ice/Summ       #####...     26%         4    None
 Summon Lightning Spire   Summ/Air       #####...     26%         4    None
 Alistair's Intoxication  Tmut/Pois      #####...     56%         5    None
 Blade Hands              Tmut           #####.....   56%         5    None
 Hydra Form               Tmut           #####.....   98%         6    None
 Invisibility             Hex            #####...     98%         6    None
 Statue Form              Tmut/Erth      #####....    98%         6    None
 Dragon Form              Tmut           #####.....   100%        7    ##.....
 Shatter                  Erth           #####.....   100%        9    ######.
 Tornado                  Air            #####.....   100%        9    ######.


Dungeon Overview and Level Annotations

Branches:
Dungeon (15/15)            Temple (0/1) D:4            Lair (6/6) D:11
 Shoals (4/4) Lair:4       Spider (4/4) Lair:4        Slime (0/5) Lair:5
    Orc (2/2) D:9             Elf (0/3) Orc:2        Vaults (3/5) D:13
  Crypt (0/3) Vaults:2     Depths (0/5) D:15

Altars:
Ashenzari
Cheibriados
Dithmenos
Fedhas
Hepliaklqana
Kikubaaqudgha
Makhleb
Qazlal
Ru
Trog
Uskayaw
Vehumet
Wu Jian
Xom
Yredelemnul
Zin
Beogh

Shops:
Orc:2 (:[*}   Shoals:3 %

Portals:
Trove: D:13 (lose all piety)

Annotations:
D:7 2 transporters, Hylith's ghost, novice GnNe
Lair:2 Gastronok


Message History

The servant of whispers mumbles some strange prayers to its god against you.
The bolt of lightning hits the crystal guardian but does no damage.
The bolt of lightning hits you! The crystal guardian barely misses you.
There is an empty arch of ancient stone here.
There is nothing on the other side of the stone arch.
You are feeling very hungry.
A peacekeeper comes into view.
The ragged hierophant casts a spell at you.
A blast of power from the earth and the adjacent constructs strikes you!
* * * LOW HITPOINT WARNING * * *
The crystal guardian fires a crystalline bolt at you.
The crystal bolt misses you.
The peacekeeper roars!
You hear a shout!
A saltling comes into view.
The halazid warlock points at the ragged hierophant and mumbles some strange words.
The ragged hierophant's animating energy erupts into ghostly fire!
The ghostly flame explodes!
The ghostly fireball engulfs you!!!
You feel drained.
Ouch! That really hurt!
You die...

.........§......
§.....................
........L.....p.......
....8.................
....p.p.......8.#.....
......................
......................
......).8.............
.......@8∩............
......................
......................
#.....................
........8.............
..........#...........
..........8...........
..........8...........
...............§§.#


You could see 2 ragged hierophants, a servant of whispers, a halazid warlock, a
crystal guardian, 2 peacekeepers and 4 saltlings.

Vanquished Creatures
  Nikola (Spider:2)
  Arachne (Spider:2)
  Jorgrun (D:13)
  Rupert (Lair:5)
  An Ice Fiend (IceCv)
  Polyphemus (Shoals:4)
  Agnes (Spider:2)
  Roxanne (Spider:3)
  Aizul (Shoals:4)
  4 ghost moths (Spider:4)
  4 emperor scorpions
  4 vault wardens
  2 orc warlords (Orc:2)
  Louise (Spider:2)
  3 entropy weavers
  3 stone giants (Vaults:2)
  5 ironheart preservers
  2 spark wasps
  Snorg (Lair:6)
  An ettin (D:15)
  6 merfolk javelineers
  Josephine (Shoals:1)
  9 merfolk impalers
  Fannar (D:11)
  2 yaktaur captains
  2 vault guards (Vaults:2)
  2 ice dragons
  A rakshasa (D:14)
  2 fire dragons (Vaults:2)
  Harold (Lair:2)
  2 great orbs of eyes
  A catoblepas (shapeshifter) (Vaults:2)
  A peacekeeper (Desolation)
  10 hydras
  5 merfolk aquamancers
  6 catoblepae
  12 death yaks
  11 centaur warriors
  3 ogre magi (Vaults:2)
  9 two-headed ogres
  2 merfolk avatars
  A satyr (Shoals:2)
  A queen ant (Spider:2)
  A tengu warrior (D:14)
  6 orc high priests
  Nergalle (D:11)
  Sonja (Lair:2)
  6 skeletal warriors
  11 sea snakes
  A flayed ghost (Vaults:2)
  5 unseen horrors
  4 wizards
  6 ironbrand convokers
  10 orc knights
  16 harpies
  19 orb spiders
  24 wolf spiders
  A wolf spider zombie (D:14)
  A harpy (shapeshifter) (Vaults:1)
  5 oklob plants
  A deep elf mage (D:13)
  31 ugly things
  7 fauns (Shoals:2)
  7 orc sorcerers
  10 cyclopes
  17 manticores
  4 merfolk sirens
  2 black mambas
  2 moths of wrath
  A black mamba (shapeshifter) (Vaults:2)
  10 vault sentinels
  A guardian serpent (Vaults:3)
  2 torpor snails
  5 water nymphs
  3 gargoyles
  A spiny frog (shapeshifter) (Vaults:1)
  An ice statue (Lair:5)
  19 spiny frogs
  A kobold demonologist (D:14)
  5 yaktaurs
  7 demonic crawlers
  3 anaconda simulacra (IceCv)
  A rime drake (Lair:5)
  7 komodo dragons
  5 freezing wraiths (IceCv)
  6 ice devils (IceCv)
  A tengu conjurer (D:10)
  46 merfolk
  6 meliai
  A troll (shapeshifter) (D:15)
  A merfolk (shapeshifter) (Vaults:2)
  35 jumping spiders
  6 polar bears
  5 trolls
  A queen bee (Lair:6)
  A wolf spider simulacrum (IceCv)
  Prince Ribbit (D:5)
  9 blink frogs (Lair:6)
  2 meliai zombies
  9 slime creatures
  2 wind drakes (Shoals:4)
  15 saltlings
  11 snapping turtles
  11 hornets
  20 hippogriffs
  12 dream sheep
  11 water elementals
  A tarantella (shapeshifter) (D:14)
  92 redbacks
  34 tarantellas
  58 yaks
  Sigmund (D:5)
  A hungry ghost (D:10)
  3 wyverns
  2 dire elephant simulacra (IceCv)
  5 wraiths
  A human (shapeshifter) (Vaults:1)
  2 basilisks
  Eustachio (D:5)
  2 vampire mosquitoes (D:12)
  A steam dragon (D:11)
  A human simulacrum (Vaults:2)
  3 harpy simulacra (IceCv)
  3 wargs
  4 soldier ants (Spider:2)
  12 water moccasins
  3 acid dragons
  6 hydra simulacra (IceCv)
  4 porcupines
  60 orc warriors
  3 sky beasts
  8 ice beasts
  5 phantoms
  3 black bears
  A black bear (shapeshifter) (Vaults:2)
  An ettin simulacrum (IceCv)
  A necrophage (D:7)
  An alligator simulacrum (IceCv)
  26 ogres
  31 wolves
  20 centaurs
  A centaur (shapeshifter) (Vaults:2)
  14 crocodiles
  A big kobold (D:14)
  16 bullfrogs
  8 scorpions
  28 killer bees
  An orc simulacrum (Vaults:2)
  2 electric eels (Spider:3)
  7 howler monkeys
  6 centaur zombies
  3 crimson imps
  2 quasits (D:11)
  A bullfrog zombie (D:5)
  A bullfrog skeleton (D:6)
  3 centaur skeletons
  3 draconian simulacra (IceCv)
  10 jellies
  24 orc priests
  5 hounds
  34 orc wizards
  4 iguanas
  A polar bear simulacrum (IceCv)
  26 worker ants
  A spriggan simulacrum (IceCv)
  4 troll simulacra (IceCv)
  A killer bee zombie (D:6)
  A hound zombie (D:11)
  2 hound skeletons
  A worker ant zombie (D:10)
  Robin (D:3)
  9 gnolls
  A river rat (D:3)
  8 adders
  3 naga simulacra (IceCv)
  6 shadow imps
  5 white imps
  5 ufetubi (IceCv)
  2 oozes (D:1)
  2 adder skeletons
  4 worms
  A dart slug (D:3)
  7 leopard geckos
  140 orcs
  2 ball pythons (D:1)
  10 bats
  A giant cockroach (D:2)
  15 goblins
  10 hobgoblins
  9 jackals
  7 quokkas
  2 frilled lizards
  7 kobolds
  A leopard gecko skeleton (D:4)
  A quokka zombie (D:5)
  7 rats
  25 plants
1515 creatures vanquished.

Vanquished Creatures (collateral kills)
  A rime drake (Lair:3)
1 creature vanquished.

Vanquished Creatures (others)
  A ragged hierophant (Desolation)
  3 white imps (IceCv)
  A bush (Lair:6)
  48 fungi
  68 plants
121 creatures vanquished.

Grand Total: 1637 creatures vanquished

Notes
Turn   | Place    | Note
-------+----------+-------------------------------------------
     0 | D:1      | nikopol the Deep Elf Fire Elementalist began the quest for
                  | the Orb.
     0 | D:1      | Reached XP level 1. HP: 10/10 MP: 6/6
   167 | D:1      | Reached XP level 2. HP: 15/15 MP: 1/8
   763 | D:2      | Reached XP level 3. HP: 19/19 MP: 7/9
   767 | D:2      | Learned a level 2 spell: Throw Flame
   771 | D:2      | Learned a level 3 spell: Conjure Flame
  1241 | D:2      | Reached skill level 4 in Spellcasting
  1256 | D:2      | Reached XP level 4. HP: 24/24 MP: 4/12
  1573 | D:3      | Noticed Robin
  1673 | D:3      | Killed Robin
  1785 | D:3      | Noticed an ogre
  2043 | D:2      | Learned a level 4 spell: Sticky Flame
  2093 | D:3      | HP: 1/24 [orc priest/divine providence (14)]
  2104 | D:3      | Reached XP level 5. HP: 2/28 MP: 8/13
  2656 | D:3      | Found a glowing silver altar of Zin.
  2665 | D:3      | Found a snail-covered altar of Cheibriados.
  2665 | D:3      | Found a hide-covered altar of Uskayaw.
  2678 | D:3      | Found an ornate altar of the Wu Jian Council.
  2681 | D:3      | Found a radiant altar of Vehumet.
  2804 | D:3      | Killed an ogre
  2804 | D:3      | Reached skill level 5 in Spellcasting
  2804 | D:3      | Reached skill level 5 in Fire Magic
  2946 | D:3      | Became a worshipper of Vehumet
  3047 | D:3      | Reached XP level 6. HP: 32/32 MP: 12/16
  3225 | D:4      | Learned a level 5 spell: Fireball
  3567 | D:4      | Found an ancient bone altar of Kikubaaqudgha.
  3679 | D:4      | Reached skill level 6 in Spellcasting
  3710 | D:4      | Found a staircase to the Ecumenical Temple.
  3866 | D:4      | Reached XP level 7. HP: 36/36 MP: 10/18
  3949 | D:4      | Found a basalt altar of Yredelemnul.
  4336 | D:5      | Entered Level 5 of the Dungeon
  4517 | D:5      | You fall through a shaft for 2 floors!
  4545 | D:7      | Found a shattered altar of Ashenzari.
  4721 | D:7      | Found a sacrificial altar of Ru.
  4741 | D:6      | Reached skill level 7 in Spellcasting
  4865 | D:6      | Reached * piety under Vehumet
  4865 | D:6      | Offered knowledge of Sting by Vehumet.
  5138 | D:5      | Noticed Eustachio
  5268 | D:5      | Killed Eustachio
  5268 | D:5      | Reached skill level 8 in Spellcasting
  5268 | D:5      | Reached XP level 8. HP: 27/41 MP: 3/22
  5390 | D:5      | Noticed Sigmund
  5398 | D:5      | Killed Sigmund
  5591 | D:5      | Reached skill level 5 in Conjurations
  5636 | D:5      | Noticed Prince Ribbit
  5651 | D:5      | Killed Prince Ribbit
  5850 | D:5      | Reached skill level 9 in Spellcasting
  6131 | D:6      | Reached XP level 9. HP: 35/45 MP: 13/24
  6447 | D:6      | Found a hazy altar of Hepliaklqana.
  6451 | D:6      | Found a bloodstained altar of Trog.
  6453 | D:6      | Found a blossoming altar of Fedhas.
  6541 | D:6      | Found a stormy altar of Qazlal.
  6645 | D:6      | Reached ** piety under Vehumet
  6645 | D:6      | Reached skill level 10 in Spellcasting
  6681 | D:6      | Offered knowledge of Sandblast by Vehumet.
  7098 | D:7      | Found a shadowy altar of Dithmenos.
  7114 | D:7      | Found a transporter.
  7164 | D:7      | Found a burning altar of Makhleb.
  7229 | D:7      | Found a transporter.
  7230 | D:7      | Noticed Hylith's ghost (novice GnNe)
  8310 | D:8      | Reached skill level 11 in Spellcasting
  8346 | D:8      | Found a flagged portal.
  8364 | Bailey   | Entered a bailey
  8543 | Bailey   | Offered knowledge of Searing Ray by Vehumet.
  8680 | Bailey   | Reached *** piety under Vehumet
  9246 | D:8      | Found a shimmering altar of Xom.
  9286 | D:8      | Reached XP level 10. HP: 33/51 MP: 13/27
  9290 | D:8      | Offered knowledge of Throw Icicle by Vehumet.
  9712 | D:8      | Found a roughly hewn altar of Beogh.
 10063 | D:8      | Learned a level 4 spell: Throw Icicle
 10121 | D:9      | Reached **** piety under Vehumet
 10397 | D:9      | Reached skill level 12 in Spellcasting
 10405 | D:9      | Found a staircase to the Orcish Mines.
 10803 | D:9      | Offered knowledge of Ignite Poison by Vehumet.
 10821 | D:9      | Reached skill level 1 in Fighting
 11097 | D:9      | Noticed a two-headed ogre
 11106 | D:9      | Killed a two-headed ogre
 11106 | D:9      | Reached skill level 10 in Fire Magic
 11206 | D:10     | Entered Level 10 of the Dungeon
 11322 | D:10     | Reached skill level 13 in Spellcasting
 11339 | D:10     | Reached XP level 11. HP: 32/56 MP: 8/30
 11749 | D:10     | Reached skill level 10 in Conjurations
 12100 | D:10     | Noticed a two-headed ogre
 12104 | D:10     | Killed a two-headed ogre
 12419 | D:11     | Reached ***** piety under Vehumet
 12599 | D:11     | Noticed a white ugly thing
 12600 | D:11     | Offered knowledge of Spellforged Servitor by Vehumet.
 12602 | D:11     | Killed a white ugly thing
 12742 | D:11     | Reached skill level 5 in Stealth
 12858 | D:11     | Reached skill level 5 in Dodging
 12865 | D:11     | Noticed Fannar
 12869 | D:11     | Killed Fannar
 12869 | D:11     | Reached skill level 14 in Spellcasting
 13257 | D:11     | Found a staircase to the Lair.
 13303 | D:11     | Noticed an unseen horror
 13307 | D:11     | Killed an unseen horror
 13689 | D:11     | Noticed Nergalle
 13695 | D:11     | Killed Nergalle
 14482 | D:11     | Upgraded the game from 0.24-a0-251-g44e327e to
                  | 0.24-a0-252-g5076262
 14490 | Lair:1   | Entered Level 1 of the Lair of Beasts
 14686 | Lair:1   | Reached XP level 12. HP: 62/62 MP: 30/32
 14997 | Lair:1   | You fall through a shaft!
 15015 | Lair:2   | Noticed a seven-headed hydra
 15019 | Lair:2   | Killed a seven-headed hydra
 15039 | Lair:2   | Noticed Gastronok
 15496 | Lair:2   | Noticed a four-headed hydra
 15500 | Lair:2   | Killed a four-headed hydra
 15623 | Lair:2   | Noticed a seven-headed hydra
 15627 | Lair:2   | Killed a seven-headed hydra
 15627 | Lair:2   | Reached skill level 15 in Spellcasting
 15635 | Lair:2   | Noticed Sonja
 15736 | Lair:2   | Killed Sonja
 16078 | Lair:2   | Noticed Harold
 16082 | Lair:2   | Killed Harold
 17311 | Lair:3   | Noticed a five-headed hydra
 17534 | Lair:3   | Killed a five-headed hydra
 18362 | Lair:4   | Reached skill level 16 in Spellcasting
 18498 | Lair:4   | Found a dark tunnel.
 18592 | Lair:4   | Reached XP level 13. HP: 64/66 MP: 26/35
 19445 | Lair:4   | Found a hole to the Spider Nest.
 20089 | Lair:4   | Found a staircase to the Shoals.
 20379 | Lair:5   | Noticed Rupert
 20857 | Lair:5   | Found a staircase to the Slime Pits.
 20875 | Lair:5   | Offered knowledge of Iskenderun's Battlesphere by Vehumet.
 21269 | Lair:5   | Reached skill level 17 in Spellcasting
 21680 | Lair:5   | Killed Rupert
 22205 | Lair:5   | Learned a level 8 spell: Ignition
 22230 | Lair:6   | Entered Level 6 of the Lair of Beasts
 22830 | Lair:6   | Reached XP level 14. HP: 33/72 MP: 13/37
 23138 | Lair:6   | Upgraded the game from 0.24-a0-252-g5076262 to
                  | 0.24-a0-254-gf493760
 23241 | Lair:6   | Identified the +12 falchion of Doom {freeze, Str+4 Int+5}
 23754 | Lair:6   | Noticed Snorg
 23759 | Lair:6   | Killed Snorg
 24023 | Lair:6   | Reached skill level 18 in Spellcasting
 24467 | Lair:6   | Offered knowledge of Bolt of Cold by Vehumet.
 24797 | Lair:6   | Reached skill level 15 in Fire Magic
 26147 | Lair:6   | Reached skill level 15 in Conjurations
 27071 | D:12     | Offered knowledge of Poison Arrow by Vehumet.
 27118 | D:12     | Reached skill level 19 in Spellcasting
 27790 | D:13     | Reached XP level 15. HP: 69/76 MP: 30/40
 27978 | D:13     | Found a gate to the Vaults.
 28175 | D:13     | Found a portal to a secret trove of treasure.
 28180 | D:13     | Noticed Jorgrun
 28185 | D:13     | Killed Jorgrun
 28550 | Orc:1    | Entered Level 1 of the Orcish Mines
 28949 | Orc:1    | Found a burning altar of Makhleb.
 29120 | Orc:1    | You fall through a shaft!
 29120 | Orc:2    | Entered Level 2 of the Orcish Mines
 29134 | Orc:2    | Noticed an orc warlord
 29140 | Orc:2    | Killed an orc warlord
 30004 | Orc:2    | Offered knowledge of Orb of Destruction by Vehumet.
 30122 | Orc:2    | Found Sagasiysch's Gadget Emporium.
 30279 | Orc:2    | Found a staircase to the Elven Halls.
 30425 | Orc:2    | Reached skill level 20 in Spellcasting
 30569 | Orc:2    | Paralysed by an orc sorcerer for 4 turns
 30931 | Orc:2    | Noticed an orc warlord
 30945 | Orc:2    | Killed an orc warlord
 31124 | Orc:2    | Upgraded the game from 0.24-a0-254-gf493760 to
                  | 0.24-a0-264-gf46a388
 31124 | Orc:2    | Upgraded the game from 0.24-a0-264-gf46a388 to
                  | 0.24-a0-269-g32ec7ca
 31500 | Orc:2    | Found Cogie's Antique Armour Boutique.
 31501 | Orc:2    | Found Hour's Antique Weapon Shop.
 31502 | Orc:2    | Found Zyjas's General Store.
 31502 | Orc:2    | Found Emaxkapt's Book Boutique.
 31658 | D:9      | Got a dazzling leather armour
 31669 | D:9      | Identified the +1 leather armour of Delero {rN+++ Int+5
                  | Dex-3} (You found it on level 9 of the Dungeon)
 32046 | D:14     | Reached skill level 1 in Shields
 32953 | D:14     | Reached ****** piety under Vehumet
 32953 | D:14     | Offered knowledge of Bolt of Fire by Vehumet.
 32964 | D:14     | Learned a level 6 spell: Bolt of Fire
 33406 | D:15     | Entered Level 15 of the Dungeon
 33411 | D:14     | Reached skill level 1 in Armour
 33771 | D:15     | Found a staircase to the Depths.
 33836 | D:15     | Reached XP level 16. HP: 81/81 MP: 9/42
 34341 | D:15     | Found a sacrificial altar of Ru.
 34869 | Lair:6   | Got a pair of pitted gloves
 34880 | Lair:6   | Identified the +2 pair of gloves of Recklessness {rF+
                  | Str+2} (You found it on level 6 of the Lair of Beasts)
 35125 | Orc:2    | Bought a potion of heal wounds for 85 gold pieces
 35310 | Shoals:1 | Entered Level 1 of the Shoals
 35551 | Shoals:1 | Noticed Josephine
 35877 | Shoals:1 | Killed Josephine
 36840 | Shoals:2 | Reached skill level 21 in Spellcasting
 37333 | Shoals:2 | Offered knowledge of Conjure Ball Lightning by Vehumet.
 38554 | Shoals:3 | Found Iqugir Ahum's Food Emporium.
 39124 | Shoals:4 | Entered Level 4 of the Shoals
 39160 | Shoals:4 | Noticed Aizul
 39335 | Shoals:4 | Offered knowledge of Lehudib's Crystal Spear by Vehumet.
 39335 | Shoals:4 | Offered knowledge of Fire Storm by Vehumet.
 39335 | Shoals:4 | Offered knowledge of Glaciate by Vehumet.
 39335 | Shoals:4 | Reached XP level 17. HP: 81/85 MP: 36/44
 39360 | Shoals:4 | Reached skill level 5 in Armour
 39427 | Shoals:4 | Got a slimy cloak
 39441 | Shoals:4 | Identified the +1 cloak "Pauskankaq" {*Corrode rN+ Str+3}
                  | (You found it on level 4 of the Shoals)
 39730 | Shoals:4 | Noticed Polyphemus
 39861 | Shoals:4 | Identified the cursed ring "Ira Vixkoa" {rC+ Int-4}
 40435 | Shoals:4 | Killed Aizul
 40783 | Shoals:4 | Reached skill level 5 in Shields
 40957 | Shoals:4 | Got a barnacled rune of Zot
 40963 | Shoals:4 | Killed Polyphemus
 41164 | Shoals:4 | Reached skill level 22 in Spellcasting
 42194 | Spider:1 | Entered Level 1 of the Spider Nest
 44074 | Spider:2 | Noticed Nikola
 44102 | Spider:2 | Killed Nikola
 44211 | Spider:2 | Noticed Arachne
 44216 | Spider:2 | Killed Arachne
 44275 | Spider:2 | Noticed Agnes
 44277 | Spider:2 | Killed Agnes
 44278 | Spider:2 | Reached XP level 18. HP: 91/91 MP: 46/46
 44279 | Spider:2 | Noticed Louise
 44284 | Spider:2 | Killed Louise
 46017 | Spider:3 | Identified Roxanne's Collected Works on Shape Shifting
 46017 | Spider:3 | Noticed Roxanne
 46491 | Spider:3 | Killed Roxanne
 46842 | Spider:4 | Entered Level 4 of the Spider Nest
 47058 | Spider:4 | Reached skill level 23 in Spellcasting
 47079 | Spider:4 | Found a frozen archway.
 47086 | IceCv    | Entered an ice cave
 47790 | IceCv    | Noticed an Ice Fiend
 47791 | IceCv    | Killed an Ice Fiend
 47838 | IceCv    | Learned a level 9 spell: Fire Storm
 47840 | IceCv    | Got a distressingly furry hat
 47870 | IceCv    | Identified the cursed +0 hat of Birdsong {+Fly} (You found
                  | it in an ice cave)
 49327 | Spider:4 | Got a gossamer rune of Zot
 49635 | Vaults:1 | Entered Level 1 of the Vaults
 49901 | Vaults:1 | Reached XP level 19. HP: 92/95 MP: 48/48
 50975 | Vaults:2 | Found a staircase to the Crypt.
 51024 | Vaults:2 | Upgraded the game from 0.24-a0-269-g32ec7ca to
                  | 0.24-a0-271-ga0fc33f
 51863 | Vaults:2 | Reached skill level 24 in Spellcasting
 52763 | Vaults:3 | Found a ruined gateway.
 52793 | Desolati | Entered the Desolation of Salt
 52848 | Desolati | Killed from afar by a halazid warlock

Levels and vault maps discovered:
D:1:      co_arrival_square_in_a_square_in_a_square, layout_basic
D:2:      layout_basic
D:3:      layout_rooms, minmay_overflow_temple_star_hex, gup_sewer_entry_bowl,
          uniq_robin
D:4:      layout_cave_pods, marbit_many_paths, minmay_temple_entry_water_ring,
          yredelemnul_altar_generic
D:5:      layout_basic, first_ration, lemuel_old_faithful, uniq_eustachio,
          uniq_prince_ribbit1, uniq_sigmund
D:6:      layout_basic, grunt_temple_overflow_forces_of_nature,
          chequers_temple_overflow_statue_of_worship
D:7:      layout_layer_cave, ashenzari_altar_1, nicolae_overflow_hidden_temple,
          nicolae_dithmenos_through_a_glass_darkly, makhleb_blood_cavern_becter,
          gammafunk_ghost_mausoleum
D:8:      layout_basic, old_standard_altar, enter_bailey_7, special_room
          [special_room_orc]
D:9:      layout_layer_cave, orc_0_dummy
D:10:     layout_roguey, grunt_tengu_nest
D:11:     layout_layer_cave, david_lair_shrubbed, uniq_nergalle, uniq_fannar
D:12:     layout_basic, kennysheep_nondescript
D:13:     layout_long_grid, david_vaults_1, enter_trove_2, uniq_jorgrun
D:14:     minmay_connected_triangles_in_corner, layout_basic, hex_tiny
D:15:     hangedman_depths_entry_civil_slaughter, layout_basic,
          hangedman_decor_growths, nicolae_ru_the_path_less_chosen
Lair:1:   layout_small_grid, infiniplex_staircase_pool
Lair:2:   layout_chaotic_city, lemuel_fruit_fields, uniq_gastronok, uniq_sonja,
          uniq_harold
Lair:3:   layout_regular_city, grunt_forest_small_clearings,
          guppyfry_lair_drakes
Lair:4:   nzn_motion_control, layout_gridlike, minmay_shoals_entry_hut,
          dummy_spider_entry, nicolae_volcano_entry_lava_flow,
          grunt_megastairs_2
Lair:5:   layout_gridlike, minmay_slime_entry_pillars, st_stairs_8, ice2_lemuel,
          infiniplex_staircase_pool_2, serial_bayou_shore_b, uniq_rupert
Lair:6:   evilmike_catoblepas_cave, layout_loops_ring, special_room
          [special_room_bee], minmay_lair_oklob_chamber, uniq_snorg
Shoals:1: cheibrodos_shoals_roost, layout_shoals, uniq_josephine
Shoals:2: layout_shoals
Shoals:3: layout_shoals, serial_shops, shop
Shoals:4: shoals_end_hangedman, layout_shoals, nicolae_shoals_hunting_party,
          uniq_polyphemus, uniq_aizul
Spider:1: layout_spider_delve
Spider:2: layout_chambers, minmay_another_anthill, uniq_arachne, uniq_nikola,
          uniq_louise, uniq_agnes
Spider:3: layout_spider_delve, uniq_roxanne
Spider:4: grunt_spider_rune_parallel, portal_ice_cave_entry_dragon
Orc:1:    layout_diamond_mine, serial_shops, basic_altar
Orc:2:    st_orc_congregation, layout_diamond_mine, serial_shops, shop_fountains
Vaults:1: nicolae_vaults_ring_of_whatevers, vaults_room_grunt_arrival_ludios,
          nicolae_vaults_rhombus_6, vaults_room_octagon, vaults_mumra_lcd,
          vaults_dpeg_ring, nicolae_vaults_diagonal_hallway_7,
          vaults_room_pools, layout_vaults_omnigrid
Vaults:2: vaults_room_ringed_pool, v_misc_19, vaults_room_grid,
          hangedman_vaults_impose, st_smaller_cells,
          nicolae_vaults_little_squares_2, ontoclasm_vaults_tryst,
          vaults_dpeg_spiral, grunt_vaults_diagonal, vaults_mumra_minichess,
          vaults_dpeg_encased_lava, dpeg_vaults_monster_box, v_misc_10,
          v_alt_pattern_6, vaults_room_stairs_pillars, grunt_vaults_funnel,
          layout_vaults_big_room, dummy_crypt_entry
Vaults:3: ontoclasm_vaults_twist, ontoclasm_vaults_ring_small,
          nicolae_vaults_alarming, nicolae_vaults_network_square,
          v_alt_pattern_5, hangedman_vaults_restitches, v_misc_12, v_misc_5,
          nicolae_vaults_asterisk, vaults_room_door_ring,
          vaults_room_fancy_cross, vaults_room_pools, layout_vaults_omnibox,
          serial_shops, shop, portal_desolation_entry_salt
Bailey:   bailey_polearm_5, bailey
IceCv:    ice_cave_caverns_03
Desolation

Skill      XL: |  1  2  3  4  5  6  7  8  9 10 11 12 13 14 15 16 17 18 19 |
---------------+----------------------------------------------------------+-----
Fire Magic     | 4 5 6 7 8 10 11 13 14 15 16 17 18 19 | 19.9
Spellcasting   | 4 5 6 8 9 11 13 14 16 17 19 20 21 22 23 24 | 24.1
Conjurations   | 2 3 4 6 8 9 11 13 14 15 16 17 18 | 18.1
Stealth        | 3 4 5 |  5.9
Dodging        | 3 4 5 6 7 |  7.1
Fighting       | 1 2 |  2.6
Shields        | 2 4 6 7 8 |  8.6
Armour         | 1 4 6 7 8 |  8.5
Ice Magic      | |  0.8

Action                   |  1- 3 |  4- 6 |  7- 9 | 10-12 | 13-15 | 16-18 | 19-21 || total
-------------------------+-------+-------+-------+-------+-------+-------+-------++-------
Melee: Dagger            |       |       |    26 |       |       |     1 |       ||    27
       Staff             |       |       |       |       |       |     1 |       ||     1
 Cast: Flame Tongue      |    61 |   130 |   259 |   255 |   398 |    87 |    30 ||  1220
       Throw Flame       |       |     7 |    11 |    16 |    16 |     4 |     1 ||    55
       Conjure Flame     |       |     4 |     8 |     7 |    10 |     3 |       ||    32
       Sticky Flame      |       |     2 |    25 |    67 |    97 |    47 |    20 ||   258
       Fireball          |       |       |    20 |   112 |   354 |   545 |   119 ||  1150
       Throw Icicle      |       |       |       |     1 |     2 |     8 |     8 ||    19
       Ignition          |       |       |       |       |    42 |    73 |    31 ||   146
       Bolt of Fire      |       |       |       |       |    16 |    71 |     2 ||    89
 Abil: Evoke Flight      |       |       |       |       |       |     1 |       ||     1
  Use: Scroll            |       |     4 |       |    20 |     4 |    17 |     1 ||    46
       Potion            |       |     1 |       |     1 |     2 |     7 |       ||    11
  Eat: Chunk             |     1 |     8 |    19 |    24 |    37 |    39 |    13 ||   141
       Ration            |       |       |       |     3 |     6 |     8 |       ||    17
Armor: Robe              |     5 |     8 |    14 |    22 |    20 |    23 |    12 ||   104
       Leather armour    |       |       |       |       |    10 |    11 |       ||    21
       Ring mail         |       |       |       |       |       |    26 |       ||    26
       Skin              |       |       |       |       |       |    20 |       ||    20
Dodge: Dodged            |     9 |    37 |    58 |   109 |   125 |    99 |    20 ||   457
Block: Shield            |       |       |       |       |    17 |    82 |    36 ||   135

Table legend:
 A = Non-vault XP
 B = Vault XP
 C = Vault XP percentage of total XP
 D = Non-vault monster count
 E = Vault monster count
 F = Vault count percentage of total count
                 A         B        C        D         E       F
            +---------+---------+-------+---------+---------+-------
      Total |  266773 |  183394 |  40.7 |     994 |     498 |  33.4
            +---------+---------+-------+---------+---------+-------
        D:1 |      35 |       0 |   0.0 |      15 |       0 |   0.0
        D:2 |      88 |       2 |   2.2 |      27 |       1 |   3.6
        D:3 |     205 |      58 |  22.1 |      22 |      16 |  42.1
        D:4 |     401 |       3 |   0.7 |      17 |       1 |   5.6
        D:5 |     573 |     673 |  54.0 |      17 |       3 |  15.0
        D:6 |    1500 |       0 |   0.0 |      28 |       0 |   0.0
        D:7 |     374 |     145 |  27.9 |       6 |       2 |  25.0
        D:8 |     939 |     550 |  36.9 |      13 |      30 |  69.8
        D:9 |    3232 |       0 |   0.0 |      24 |       0 |   0.0
       D:10 |    3984 |     345 |   8.0 |      21 |       1 |   4.5
       D:11 |    5209 |    2220 |  29.9 |      34 |       3 |   8.1
       D:12 |    9498 |       0 |   0.0 |      39 |       0 |   0.0
       D:13 |    3130 |    4074 |  56.6 |      12 |       3 |  20.0
       D:14 |   14553 |       0 |   0.0 |      56 |       0 |   0.0
       D:15 |    8876 |    5328 |  37.5 |      16 |       6 |  27.3
     Lair:1 |    1478 |       0 |   0.0 |       8 |       0 |   0.0
     Lair:2 |    5505 |    1792 |  24.6 |      15 |       2 |  11.8
     Lair:3 |    5853 |     661 |  10.1 |      24 |       4 |  14.3
     Lair:4 |   12322 |    4321 |  26.0 |      49 |       9 |  15.5
     Lair:5 |    7593 |    6856 |  47.4 |      29 |      19 |  39.6
     Lair:6 |   13117 |   18156 |  58.1 |      44 |      54 |  55.1
   Shoals:1 |    7957 |    5450 |  40.7 |      21 |      10 |  32.3
   Shoals:2 |   21284 |       0 |   0.0 |      43 |       0 |   0.0
   Shoals:3 |   11394 |       0 |   0.0 |      27 |       0 |   0.0
   Shoals:4 |   13887 |   27595 |  66.5 |      27 |      38 |  58.5
   Spider:1 |   15044 |       0 |   0.0 |      42 |       0 |   0.0
   Spider:2 |   17433 |   16523 |  48.7 |      51 |      31 |  37.8
   Spider:3 |   13965 |    2181 |  13.5 |      50 |       2 |   3.8
   Spider:4 |    9609 |   26083 |  73.1 |      34 |      52 |  60.5
      Orc:1 |    3825 |       0 |   0.0 |      38 |       0 |   0.0
      Orc:2 |    7386 |   11475 |  60.8 |      58 |      69 |  54.3
   Vaults:1 |   11311 |    6611 |  36.9 |      25 |       7 |  21.9
   Vaults:2 |   34302 |   25243 |  42.4 |      58 |      40 |  40.8
   Vaults:3 |     911 |     989 |  52.1 |       4 |       3 |  42.9
     Bailey |       0 |     874 | 100.0 |       0 |      29 | 100.0
      IceCv |       0 |   10371 | 100.0 |       0 |      48 | 100.0
 Desolation |       0 |    4815 | 100.0 |       0 |      15 | 100.0
            +---------+---------+-------+---------+---------+-------
